 Dungeon Crawl Stone Soup version 0.30-a0-702-gdf48620a09 (webtiles) character file.

Game seed: 1674898368832351859

14025 bjtr the Ogre Mage (level 12, 0/134 HPs)
             Began as an Ogre Earth Elementalist on Jan 21, 2023.
             Was a Believer of Vehumet.
             Slain by a red ugly thing (17 damage)
             ... on level 10 of the Dungeon.
             The game lasted 01:08:37 (14489 turns).

bjtr the Ogre Mage (Ogre Earth Elementalist)       Turns: 14489, Time: 01:08:38

Health: 0/134      AC: 13    Str: 15    XL:     12   Next: 12%
Magic:  27/27      EV: 30    Int: 20    God:    Vehumet [**....]
Gold:   632        SH:  0    Dex:  9    Spells: 9/33 levels left

rFire   . . .      SeeInvis .    C - +0 giant spiked club
rCold   . . .      Faith    .    (shield currently unavailable)
rNeg    . . .      Spirit   .    V - +0 steam dragon scales
rPois   .          Reflect  .    (helmet restricted)
rElec   .          Harm     .    j - +2 cloak
rCorr   .          Rampage  .    (gloves unavailable)
Will    ++...                    (boots unavailable)
Stlth   ++                       w - amulet of the acrobat
HPRegen 0.42/turn                t - +5 ring of evasion
MPRegen 0.20/turn                I - +4 ring of protection

@: about to teleport, acrobatic, studying 2 skills
A: large, unfitting armour, tough skin 1, strong-willed 1, robust 1
a: Renounce Religion


You were on level 10 of the Dungeon.
You worshipped Vehumet.
Vehumet was pleased with you.
You visited 2 branches of the dungeon, and saw 12 of its levels.
You also visited: Sewer and Ossuary.

You collected 632 gold pieces.

Inventory:

Hand Weapons
 b - a +5 quarterstaff of protection
 f - a +0 heavy double sword
 h - a +1 scimitar of flaming
 q - a +0 arbalest
 C - a +0 giant spiked club (weapon)
 P - a +2 trident of venom
 R - the +10 sling of the Puffin {antimagic, rCorr SInv}
   (You found it on level 7 of the Dungeon)

   SInv:      It lets you see invisible.
   rCorr:     It protects you from acid and corrosion.
Missiles
 k - 2 throwing nets
 B - 3 silver javelins
 M - 4 curare-tipped darts
 X - 4 atropa-tipped darts
Armour
 j - a +2 cloak (worn)
 V - +0 steam dragon scales (worn)
Magical Staves
 a - a staff of earth
Jewellery
 d - a ring of flight
 t - a +5 ring of evasion (left hand)
 u - a ring of ice
 w - an amulet of the acrobat (around neck)
 A - a ring of wizardry
 D - a ring of see invisible
 I - a +4 ring of protection (right hand)
 K - a ring of poison resistance
Wands
 i - a wand of flame (12)
 v - a wand of acid (19)
 x - a wand of polymorph (5)
 G - a wand of paralysis (11)
Scrolls
 e - 2 scrolls of silence
 g - a scroll of identify
 o - 3 scrolls of enchant weapon
 p - a scroll of immolation
 y - a scroll of vulnerability
 z - a scroll of enchant armour
 L - 2 scrolls of magic mapping
 N - a scroll of blinking
 Q - a scroll of fog
 W - a scroll of amnesia
 Z - 2 scrolls of poison
Potions
 c - 4 potions of ambrosia
 n - 5 potions of curing
 r - 2 potions of mutation
 s - 5 potions of magic
 E - a potion of flight
 F - a potion of berserk rage
 H - 2 potions of resistance
 O - 2 potions of cancellation
 T - a potion of heal wounds


   Skills:
 * Level 8.4 Fighting
 * Level 1.0 Maces & Flails
 + Level 5.0 Dodging
 + Level 3.6 Stealth
 - Level 7.9 Shields
 + Level 11.1 Spellcasting
 * Level 3.1 Conjurations
 + Level 0.9 Transmutations
 * Level 9.9 Earth Magic
 * Level 4.8 Evocations


You had 9 spell levels left.
You knew the following spells:

 Your Spells              Type           Power      Damage    Failure   Level
a - Sandblast             Erth           100%       2d20      1%          1
b - Passwall              Tmut/Erth      26%        N/A       1%          2
c - Stone Arrow           Conj/Erth      74%        3d11      1%          3
d - Petrify               Tmut/Erth      32%        N/A       7%          4
e - Lee's Rapid Deconstr  Erth           25%        3d14*     3%          5
f - Scorch                Fire           22%        2d6       10%         2
g - Inner Flame           Hex/Fire       11%        N/A       19%         3
h - Iskenderun's Mystic   Conj/Tloc      17%        2d5       32%         4

Your spell library contained the following spells:

 Spells                   Type           Power      Damage    Failure   Level
 Kiss of Death            Conj/Necr      68%        2d10      3%          1
 Kindle Blastsparks       Fire/Tloc/Air  22%        2d11      19%         3
 Summon Guardian Golem    Hex/Summ       11%        N/A       19%         3
 Flame Wave               Conj/Fire      17%        2d7       32%         4
 Fulminant Prism          Conj/Hex       8%         3d6       32%         4
 Cause Fear               Hex            5%         N/A       52%         4
 Conjure Ball Lightning   Conj/Air       8%         3x3d6     99%         6
 Summon Cactus Giant      Summ           5%         N/A       100%        6
 Dragon Form              Tmut           7%         N/A       100%        7
 Orb of Destruction       Conj           11%        9d6       100%        7
 Spellforged Servitor     Conj/Summ      8%         N/A       100%        7
 Discord                  Hex            5%         N/A       100%        8
 Disjunction              Tloc           5%         N/A       100%        8
 Dragon's Call            Summ           5%         N/A       100%        9


Dungeon Overview and Level Annotations

Branches:
Dungeon (11/15)            Temple (1/1) D:7            Lair (0/5) D:10
  Sewer (visited)         Ossuary (visited)
    Orc: D:9-12

Altars:
Ashenzari
Cheibriados
Dithmenos
Elyvilon
Fedhas
Gozag
Hepliaklqana
Kikubaaqudgha
Makhleb
Nemelex Xobeh
Okawaru
Qazlal
Ru
Sif Muna
Trog
Uskayaw
Vehumet
Wu Jian
Xom
Yredelemnul
Zin
The Shining One

Shops:
D:4 =   D:8 :   D:9 [


Innate Abilities, Weirdness & Mutations

You are too large for most types of armour.
You have tough skin. (AC +1)
You are strong-willed. (Will+)
You are robust. (+10% HP)


Message History

Press: ? - help, Shift-Dir - straight line, f - red ugly thing
Aim: a red ugly thing (chance to affect: 44%)
Okay, then.
You hit the red ugly thing.
The red ugly thing is lightly wounded.
The red ugly thing stings you.
You are engulfed in flames!
The red ugly thing completely misses you.
You closely miss the red ugly thing.
The red ugly thing is lightly wounded.
The red ugly thing misses you.
You puncture the red ugly thing!
The red ugly thing is moderately wounded.
The red ugly thing stings you.
You are engulfed in flames!
The red ugly thing stings you but does no damage.
You barely miss the red ugly thing.
The red ugly thing is moderately wounded.
The red ugly thing stings you.
You are engulfed in flames!!
The red ugly thing stings you!
* * * LOW HITPOINT WARNING * * *
You are engulfed in flames!
* * * LOW HITPOINT WARNING * * *
You closely miss the red ugly thing.
The red ugly thing is moderately wounded.
The red ugly thing misses you. The red ugly thing closely misses you.
Aiming: Paralyse
Press: ? - help, Shift-Dir - straight line, f - red ugly thing
Aim: a red ugly thing (moderately wounded, chance to affect: 43%)
Okay, then.
Hit: C) +0 giant spiked club
Press: ? - help, Dir - move target, f - red ugly thing
Aim: a red ugly thing (moderately wounded, about 62% to evade your +0 giant spiked club)
Okay, then.
As you read the scroll of teleportation, it crumbles to dust.
You feel strangely unstable.
The red ugly thing stings you but does no damage.
The red ugly thing attacks as you move away!
The red ugly thing stings you.
* * * LOW HITPOINT WARNING * * *
You are engulfed in flames!
You die...

###............................#
...............................#
........#################.######
#######.# #########..## #.#
#PP~P.~P~P..# #.#
#P~~♣P~PP~.~####
#######.#########~~~~~~♣≈♣~~.P.##
..................P.PP.~♣♣≈~PP~~#
...............u@.....~~P~≈≈♣~P~P
...........[............PP♣≈≈~~PP
..####################.P~PP♣♣♣~~.
..# ###.P♣~≈≈~PP ..#
####P~PP♣~~~P.~ ..#
##~~PP~~♣~~PPPP# ..#
##P.P~~~♣P~~.#.## ..#
#PP~~♣~~~~~###.# ..# #~~PPP~~P###
#.#


You could see a red ugly thing.

Vanquished Creatures
  Erolcha (D:9)
  Erica (D:10)
  3 death yaks (D:10)
  Urug (D:10)
  Pikel (D:8)
  An ugly thing (D:11)
  Joseph (D:7)
  A gargoyle (D:10)
  2 kobold demonologists (D:7)
  A komodo dragon (D:11)
  Maggie (D:7)
  A shadow (D:10)
  2 wraiths
  5 wyverns
  12 yaks (D:10)
  Grum (D:9)
  5 steam dragons
  An acid dragon (D:10)
  3 water moccasins
  3 orc warriors
  An ogre (D:4)
  3 wolves (D:9)
  6 centaurs
  3 bullfrogs
  7 kobold brigands
  2 scorpions
  2 gnoll sergeants
  3 necrophages
  14 killer bees (D:9)
  4 howler monkeys
  2 hounds
  2 jellies
  Crazy Yiuf (D:2)
  2 orc priests (D:9)
  Jessica (D:2)
  3 iguanas
  Terence (D:2)
  8 orc wizards
  A mummy (Ossuary)
  8 gnolls
  14 adders
  5 river rats (Sewer)
  A white imp (D:7)
  A worm (D:4)
  2 dart slugs (D:4)
  32 orcs
  6 spectral bats (Ossuary)
  11 endoplasms
  5 giant cockroaches
  12 gnoll zombies (Ossuary)
  5 goblins
  7 hobgoblins
  16 jackals
  26 kobolds
  5 quokkas
  15 ball pythons
  10 bats
  2 bat simulacra (Ossuary)
  8 frilled lizards
  3 goblin simulacra (Ossuary)
  6 goblin zombies (Ossuary)
  5 hobgoblin zombies (Ossuary)
  5 kobold simulacra (Ossuary)
  4 kobold zombies (Ossuary)
  3 orc zombies (Ossuary)
  10 rats
  3 rat simulacra (Ossuary)
  A spectral goblin (Ossuary)
  4 spectral kobolds (Ossuary)
  A spectral orc (D:6)
  4 spectral rats (Ossuary)
353 creatures vanquished.

Vanquished Creatures (others)
  A fungus (D:2)
  21 plants
22 creatures vanquished.

Grand Total: 375 creatures vanquished

Notes
Turn   | Place    | Note
-------+----------+-------------------------------------------
     0 | D:1      | bjtr the Ogre Earth Elementalist began the quest for the
                  | Orb.
     0 | D:1      | Reached XP level 1. HP: 16/16 MP: 3/3
   133 | D:1      | Reached XP level 2. HP: 24/24 MP: 1/5
   356 | D:1      | Reached skill level 3 in Spellcasting
   373 | D:1      | Reached XP level 3. HP: 32/32 MP: 7/7
   390 | D:1      | Learned a level 2 spell: Passwall
   394 | D:1      | Learned a level 3 spell: Stone Arrow
  1105 | D:2      | Noticed Jessica
  1107 | D:2      | Killed Jessica
  1108 | D:2      | Reached skill level 1 in Fighting
  1108 | D:2      | Reached XP level 4. HP: 41/41 MP: 5/9
  1774 | D:2      | Found a runed translucent door.
  1775 | D:2      | Noticed Crazy Yiuf
  1780 | D:2      | Killed Crazy Yiuf
  1781 | D:2      | Reached skill level 1 in Shields
  1781 | D:2      | Reached XP level 5. HP: 32/48 MP: 7/10
  1949 | D:2      | Noticed Terence
  1955 | D:2      | Killed Terence
  2007 | D:3      | Reached skill level 4 in Spellcasting
  2138 | D:3      | Noticed a steam dragon
  2145 | D:3      | Killed a steam dragon
  2146 | D:3      | Reached XP level 6. HP: 29/57 MP: 1/12
  2358 | D:3      | Reached skill level 1 in Evocations
  2963 | D:4      | Learned a level 4 spell: Petrify
  3099 | D:4      | Found Dacw's Jewellery Shop.
  3219 | D:4      | Reached skill level 5 in Spellcasting
  3219 | D:4      | Reached XP level 7. HP: 42/65 MP: 10/14
  3384 | D:4      | Reached skill level 5 in Earth Magic
  3527 | D:4      | Found a shimmering altar of Xom.
  3531 | D:4      | Found a sparkling altar of Nemelex Xobeh.
  3538 | D:4      | Found a bloodstained altar of Trog.
  3541 | D:4      | Found a stormy altar of Qazlal.
  3544 | D:4      | Found a broken altar of Ashenzari.
  3548 | D:4      | Found a hide-covered altar of Uskayaw.
  3857 | D:5      | Entered Level 5 of the Dungeon
  3860 | D:5      | Reached skill level 6 in Spellcasting
  3907 | D:5      | Gained mutation: Your natural rate of healing is unusually
                  | fast. [potion of mutation]
  3907 | D:5      | Gained mutation: You are agile. (Dex +4, Str/Int -1)
                  | [potion of mutation]
  3907 | D:5      | Gained mutation: You are dopey. (Int -2) [potion of
                  | mutation]
  3923 | D:5      | Reached XP level 8. HP: 9/74 MP: 17/17
  3981 | D:4      | Lost mutation: Your natural rate of healing is unusually
                  | fast. [potion of mutation]
  3981 | D:4      | Lost mutation: You are dopey. (Int -2) [potion of mutation]
  3981 | D:4      | Gained mutation: You are strong-willed. (Will+) [potion of
                  | mutation]
  3981 | D:4      | Lost mutation: You are agile. (Dex +4, Str/Int -1) [potion
                  | of mutation]
  3981 | D:4      | Gained mutation: You are robust. (+10% HP) [potion of
                  | mutation]
  4177 | D:5      | Found a sand-covered staircase.
  4186 | Ossuary  | Entered an ossuary
  4887 | D:5      | Found an iron altar of Okawaru.
  5679 | D:6      | Found a glowing drain.
  5691 | Sewer    | Entered a sewer
  6843 | D:6      | Reached skill level 7 in Spellcasting
  6868 | D:6      | Reached XP level 9. HP: 84/95 MP: 19/19
  6874 | D:6      | Reached skill level 5 in Fighting
  7141 | D:6      | Found a basalt altar of Yredelemnul.
  7217 | D:6      | Paralysed by a gnoll sergeant for 5 turns
  7510 | D:7      | Identified the +10 sling of the Puffin {antimagic, rCorr
                  | SInv}
  7581 | D:7      | Found a staircase to the Ecumenical Temple.
  7608 | D:7      | Noticed Maggie
  7610 | D:7      | Identified a scroll of acquirement
  7610 | D:7      | Acquired a book of Blasting
  7620 | D:7      | Killed Maggie
  7877 | D:7      | Learned a level 5 spell: Lee's Rapid Deconstruction
  7907 | Temple   | Entered the Ecumenical Temple
  8111 | Temple   | Became a worshipper of Vehumet
  8288 | D:7      | Reached skill level 5 in Shields
  8288 | D:7      | Reached skill level 8 in Spellcasting
  8398 | D:7      | Noticed a kobold demonologist
  8399 | D:7      | Noticed Joseph
  8399 | D:7      | Noticed a kobold demonologist
  8405 | D:7      | Noticed a rust devil
  8439 | D:7      | Noticed an ice devil
  8440 | D:7      | Killed a kobold demonologist
  8443 | D:7      | Noticed a sixfirhy
  8444 | D:7      | Noticed an ice devil
  8447 | D:7      | Noticed a hellwing
  8448 | D:7      | Killed a kobold demonologist
  8462 | D:7      | Reached XP level 10. HP: 30/107 MP: 15/22
  8746 | D:7      | Killed Joseph
  8747 | D:7      | Reached skill level 9 in Spellcasting
  9122 | D:8      | Noticed Pikel
  9124 | D:8      | Found Loshroaxa's Vocational Training.
  9132 | D:8      | Killed Pikel
  9457 | D:8      | Reached * piety under Vehumet
  9457 | D:8      | Offered knowledge of Freeze by Vehumet.
  9832 | D:9      | Reached skill level 10 in Spellcasting
  9911 | D:9      | Noticed Grum
  9951 | D:9      | Killed Grum
 10155 | D:9      | Reached ** piety under Vehumet
 10155 | D:9      | Offered knowledge of Kiss of Death by Vehumet.
 10208 | D:9      | Found Kuahih's Antique Armour Boutique.
 10275 | D:9      | Reached XP level 11. HP: 106/119 MP: 23/25
 10420 | D:9      | Noticed Erolcha
 10434 | D:9      | Killed Erolcha
 10859 | D:10     | Entered Level 10 of the Dungeon
 10905 | D:10     | Reached skill level 1 in Conjurations
 10956 | D:10     | Noticed a death yak
 11209 | D:10     | Found a sacrificial altar of Ru.
 12153 | D:10     | Noticed a death yak
 12154 | D:10     | Found a staircase to the Lair.
 12175 | D:10     | Killed a death yak
 12223 | D:10     | Noticed a death yak
 12258 | D:10     | HP: 4/122 [death yak (20)]
 12265 | D:10     | HP: 5/122 [kobold/+0 short sword (2)]
 12630 | D:10     | Found an ornate altar of the Wu Jian Council.
 12681 | D:10     | Noticed Erica
 12686 | D:10     | Killed Erica
 12814 | D:10     | Noticed Urug
 12839 | D:10     | Killed Urug
 13054 | D:10     | Killed a death yak
 13055 | D:10     | Reached skill level 11 in Spellcasting
 13059 | D:10     | Killed a death yak
 13060 | D:10     | Reached skill level 5 in Dodging
 13085 | D:10     | Reached XP level 12. HP: 78/132 MP: 16/27
 13554 | D:10     | Learned a level 2 spell: Scorch
 13558 | D:10     | Learned a level 3 spell: Inner Flame
 13563 | D:10     | Learned a level 4 spell: Iskenderun's Mystic Blast
 13691 | D:11     | Reached skill level 1 in Maces & Flails
 13967 | D:11     | Noticed a boulder beetle
 13968 | D:11     | Upgraded the game from 0.30-a0-696-g2367cd04db to
                  | 0.30-a0-702-gdf48620a09
 14394 | D:11     | Noticed a two-headed ogre
 14478 | D:11     | Noticed a boulder beetle
 14489 | D:10     | Slain by a red ugly thing

Illustrated notes

Levels and vault maps discovered:
D:1:      lightli_arrival_farm, layout_loops_ring, minmay_three_crescents
D:2:      layout_rooms, amcnicky_mini_corridor_feature, uniq_crazy_yiuf_cottage,
          uniq_jessica, uniq_terence
D:3:      layout_loops_ring, serial_co_window_serial,
          co_window_of_opportunity_a, co_window_paths_a,
          co_window_of_opportunity_a, co_window_paths_a, co_window_paths_a,
          co_window_2corner, co_window_of_opportunity_b, co_window_broadway_c,
          co_window_unsneaky_path_a, glass_columns_a, glass_columns_b,
          glass_columns_a, glass_columns_b, glass_columns_c
D:4:      layout_basic, nicolae_overflow_hallway_of_the_gods,
          kennysheep_doodads, minmay_shop_enchanted_jewellery,
          hangedman_glass_teeth, minmay_manual_macuahuitl
D:5:      layout_cave_pools, mainiacjoe_overflow_alcove_1, enter_ossuary_1
D:6:      layout_loops_ring, yredelemnul_forgotten_temple_becter,
          cheibrodos_sewer_entry_drain
D:7:      layout_basic, minmay_temple_entry_arrows, uniq_maggie, uniq_joseph
D:8:      layout_rooms, nicolae_shop_vocational, uniq_pikel
D:9:      layout_roguey, serial_shops, nicolae_shop_trees,
          chequers_serial_rivers_marsh, serial_bayou_pond_c, abandoned_shop,
          minmay_misc_feat_secret_circle, minmay_stone_trees_small, uniq_grum,
          uniq_erolcha
D:10:     layout_long_grid, mainiacjoe_overflow_alcove_2, old_standard_altar,
          dpeg_lair_monsters, serial_bayou_lagoon_a, uniq_erica, uniq_urug
D:11:     minmay_skewed_foursquare, layout_basic,
          dilly_guarded_unrand_devastator
Temple:   minmay_temple_bridge_abc

Skill      XL: |  1  2  3  4  5  6  7  8  9 10 11 12 |
---------------+-------------------------------------+-----
Earth Magic    | 3 4 5 6 8 9 |  9.9
Spellcasting   | 3 4 5 6 7 8 10 11 | 11.1
Fighting       | 1 2 4 6 7 8 |  8.4
Dodging        | 2 3 4 5 |  5.0
Shields        | 1 2 4 5 6 7 |  7.9
Evocations     | 1 2 3 4 |  4.8
Stealth        | 2 3 |  3.6
Conjurations   | 2 3 |  3.1
Maces & Flails | 1 |  1.0
Transmutations | |  0.9

Action                   |  1- 3 |  4- 6 |  7- 9 | 10-12 || total
-------------------------+-------+-------+-------+-------++-------
Melee: Unarmed           |    15 |       |       |       ||    15
       Whip              |    96 |     9 |       |       ||   105
       Punch             |     3 |       |       |       ||     3
       Staff             |       |    13 |       |       ||    13
       Quarterstaff      |       |    46 |   330 |   319 ||   695
       Giant club        |       |       |    55 |       ||    55
       Giant spiked club |       |       |       |    43 ||    43
 Cast: Sandblast         |    20 |    47 |    98 |    72 ||   237
       Stone Arrow       |       |     3 |       |    34 ||    37
       Lee's Rapid Decon |       |       |       |    21 ||    21
       Petrify           |       |       |       |    14 ||    14
Evoke: Wand              |       |       |     4 |       ||     4
  Use: Scroll            |     4 |       |    10 |     7 ||    21
       Potion            |       |       |    14 |     1 ||    15
 Stab: Sleeping          |       |       |     3 |     1 ||     4
       Paralysed         |       |       |     3 |       ||     3
       Petrifying        |       |       |     1 |     1 ||     2
       Confused          |       |       |     1 |       ||     1
       Petrified         |       |       |       |     9 ||     9
Armor: Robe              |    53 |    20 |   105 |       ||   178
       Steam dragon scal |       |       |    36 |   235 ||   271
Dodge: Dodged            |    64 |    57 |   577 |   430 ||  1128

Table legend: (Time is in decaauts)
 A = Elapsed time spent in this place.
 B = Non-inter-level travel time spent in this place.
 C = Inter-level travel time spent in this place.
 D = Time resting spent in this place.
 E = Time spent auto-exploring this place.
 F = Levels seen in this place.
 G = Mean time per level.
                   A        B        C        D        E       F      G
               +--------+--------+--------+--------+--------+-----+--------+
         Total |  14922 |  14375 |    547 |   2958 |   7554 |  14 | 1065.9 |
       Dungeon |  13084 |  12561 |    523 |   2753 |   6667 |  11 | 1189.5 |
        Temple |    237 |    213 |     24 |      0 |    167 |   1 |  237.0 |
         Sewer |    919 |    919 |      0 |     41 |    603 |   1 |  919.0 |
       Ossuary |    681 |    681 |      0 |    164 |    117 |   1 |  681.0 |
               +--------+--------+--------+--------+--------+-----+--------+

Top non-repeatable levels by time:
    D:10: 2174 daAuts
     D:9: 1802 daAuts
     D:7: 1386 daAuts
     D:4: 1128 daAuts
     D:1: 1109 daAuts
     D:6: 1049 daAuts
     D:3: 968 daAuts
     D:5: 935 daAuts
     D:2: 922 daAuts
   Sewer: 919 daAuts
    D:11: 909 daAuts
     D:8: 698 daAuts
 Ossuary: 681 daAuts
  Temple: 237 daAuts
